 Dungeon Sprint DCSS version 0.17-a0-1197-g2d00c63 (webtiles) character file.

2167 Kidiri the Covert (level 9, -5/51 HPs)
             Began as a Spriggan Assassin on June 3, 2015.
             Was a Believer of Dithmenos.
             Slain by a demonic crawler (10 damage)
             ... in the Dungeon (Sprint I: "Red Sonja").
             The game lasted 00:05:48 (880 turns).

Kidiri the Covert (Spriggan Assassin)                Turns: 880, Time: 00:05:48

Health: -5/51      AC:  3    Str:  7    XL:     9   Next: 10%
Magic:  13/13      EV: 29    Int: 13    God:    Dithmenos [**....]
Gold:   621        SH:  0    Dex: 18    Spells: 0 memorised, 8 levels left

rFire  . . .     SeeInvis +     a - +2 dagger
rCold  . . .     Clarity  .     c - +0 robe
rNeg   . . .     SustAt   .     (shield restricted)
rPois  .         Gourm    .     (helmet restricted)
rElec  .         Spirit   .     d - +0 cloak
rCorr  .         Warding  .     (gloves unavailable)
rMut   .         NoTele   +     (boots unavailable)
MR     +....                    (no amulet)
Stlth  +++++++++.               (no ring)
                                (no ring)

@: wreathed by umbra, very quick, somewhat resistant to hostile enchantments,
incredibly stealthy
A: unfitting armour, see invisible, clumsy 1, herbivore 3, speed 3, slow
metabolism 2
a: Shadow Step, Renounce Religion


You were in the Dungeon.
You worshipped Dithmenos.
Dithmenos was pleased with you.
You were not hungry.

You visited 1 branch You collected 621 gold pieces.

Inventory:

Hand weapons
 a - a +2 dagger (weapon)
 b - a +0 blowgun
 n - a +0 blowgun
 o - a +0 dagger of venom
Missiles
 e - 7 poisoned needles
 f - 11 curare-tipped needles
Armour
 c - a +0 robe (worn)
 d - a +0 cloak (worn)
Scrolls
 m - a scroll of blinking
 p - a scroll of remove curse {unknown}
 q - a scroll of random uselessness {unknown}
 r - a scroll of fog {unknown}
 t - a scroll of fear {unknown}
Potions
 h - a potion of curing
 j - a potion of haste
 k - 2 potions of magic
 l - a potion of berserk rage
Comestibles
 g - 2 bread rations
 s - a slice of pizza


   Skills:
 * Level 7.8 Fighting
 * Level 9.9 Short Blades
 * Level 10.1 Throwing
 * Level 12.6 Dodging
 * Level 14.4 Stealth
 + Level 4.3 Invocations


You had 8 spell levels left.
You didn't know any spells.

Dungeon Overview and Level Annotations

Branches:
Dungeon (1/1)

Altars:
Cheibriados
Dithmenos
Elyvilon
Fedhas
Gozag
Kikubaaqudgha
Makhleb
Nemelex Xobeh
Okawaru
Qazlal
Ru
Sif Muna
Trog
Vehumet
Xom
Yredelemnul
Zin
The Shining One
Jiyva

Shops:
D *:[


Innate Abilities, Weirdness & Mutations

You are tiny and cannot use many weapons and most armour.
You have supernaturally acute eyesight.
You are a herbivore.
You cover ground extremely quickly.
You need consume almost no food.
You are clumsy. (Dex -2)


Message History

There is an open door here.
Wield which item (- for none, * to show all)? (? for menu, Esc to quit)
b - a +0 blowgun (weapon)
You see here a throwing net.
There is an open door here.
Things that are here:
a dagger; a robe Firing (i - inventory. (,) - cycle):
f - 12 curare-tipped needles (quivered)
Press: ? - help, Shift-Dir - straight line, f - demonic crawler
Aim: a demonic crawler (clinging, umbra)
You shoot a curare-tipped needle.
The curare-tipped needle hits the demonic crawler.
There is an open door here.
Wield which item (- for none, * to show all)? (? for menu, Esc to quit)
a - a +2 dagger (weapon)
You hit the demonic crawler but do no damage.
The demonic crawler closely misses you.
The demonic crawler completely misses you.
The demonic crawler hits you!
You die...

##########################
#<.#..'..#..@ss#__#..'...#
#..'..#.))..#..)ss'..#...##+#
#..#####'#####'#__####)..'..#
#.)####..#...#.#### #####..+
#..#__####..##)# ##
#..#_..__##'#..+
#⌠⌠#_.∩..†'..._#
####_..._##_.#'##+###
#_____###'#(#....###


You could see 4 demonic crawlers.

Vanquished Creatures
  Sonja (D)
  A deep troll (D)
  2 kobold demonologists (D)
  A slime creature (D)
  Sigmund (D)
  A yak (D)
  An ogre (D)
  A jelly (D)
  Ijyb (D)
  A giant eyeball (D)
11 creatures vanquished.

Notes
Turn   | Place    | Note
--------------------------------------------------------------
     0 | D        | Kidiri the Spriggan Assassin began the quest for the Orb.
     0 | D        | Reached XP level 1. HP: 10/10 MP: 2/2
     2 | D        | Noticed Ijyb
    27 | D        | Killed Ijyb
    27 | D        | Reached skill level 7 in Stealth
    27 | D        | Reached XP level 2. HP: 14/16 MP: 3/3
    75 | D        | Noticed an ogre
    78 | D        | Killed an ogre
    78 | D        | Reached skill level 5 in Dodging
    78 | D        | Reached skill level 8 in Stealth
    78 | D        | Reached XP level 3. HP: 20/20 MP: 4/4
    78 | D        | Reached XP level 4. HP: 25/25 MP: 5/5
   189 | D        | Noticed Sigmund
   206 | D        | Killed Sigmund
   206 | D        | Reached skill level 5 in Short Blades
   206 | D        | Reached skill level 10 in Stealth
   206 | D        | Reached XP level 5. HP: 21/30 MP: 6/6
   404 | D        | Found a snail-covered altar of Cheibriados.
   404 | D        | Found a viscous altar of Jiyva.
   404 | D        | Found a shadowy altar of Dithmenos.
   404 | D        | Found a blossoming altar of Fedhas.
   404 | D        | Noticed a slime creature
   410 | D        | Killed a slime creature
   410 | D        | Reached skill level 5 in Fighting
   410 | D        | Reached skill level 11 in Stealth
   410 | D        | Reached XP level 6. HP: 18/35 MP: 7/7
   567 | D        | Became a worshipper of Dithmenos the Shadowed
   572 | D        | Found a deep blue altar of Sif Muna.
   573 | D        | Noticed a jelly
   574 | D        | Found a radiant altar of Vehumet.
   578 | D        | Killed a jelly
   612 | D        | Found Katepapt's Book Emporium.
   612 | D        | Found a white marble altar of Elyvilon.
   612 | D        | Found a stormy altar of Qazlal.
   612 | D        | Found a burning altar of Makhleb.
   612 | D        | Found a sacrificial altar of Ru.
   612 | D        | Found a basalt altar of Yredelemnul.
   612 | D        | Found a glowing golden altar of the Shining One.
   612 | D        | Found a sparkling altar of Nemelex Xobeh.
   612 | D        | Found a shimmering altar of Xom.
   612 | D        | Found an opulent altar of Gozag.
   612 | D        | Found an ancient bone altar of Kikubaaqudgha.
   612 | D        | Found a glowing silver altar of Zin.
   612 | D        | Noticed a yak
   613 | D        | Found an iron altar of Okawaru.
   614 | D        | Killed a yak
   614 | D        | Reached skill level 10 in Dodging
   614 | D        | Reached skill level 1 in Invocations
   614 | D        | Reached XP level 7. HP: 40/40 MP: 7/9
   615 | D        | Found a bloodstained altar of Trog.
   639 | D        | Noticed Sonja
   643 | D        | Killed Sonja
   643 | D        | Reached skill level 13 in Stealth
   643 | D        | Reached XP level 8. HP: 43/45 MP: 9/11
   667 | D        | Found Biprutz's Assorted Antiques.
   687 | D        | Noticed a deep troll
   691 | D        | Killed a deep troll
   702 | D        | Found Nuleagh's Armour Emporium.
   785 | D        | Noticed a kobold demonologist
   786 | D        | Noticed a kobold demonologist
   788 | D        | Killed a kobold demonologist
   788 | D        | Reached skill level 10 in Throwing
   788 | D        | Reached skill level 14 in Stealth
   788 | D        | Reached XP level 9. HP: 49/51 MP: 11/13
   793 | D        | Acquired Dithmenos's first power
   794 | D        | Noticed a smoke demon
   815 | D        | Gained mutation: You are clumsy. (Dex -2) [a neqoxec]
   848 | D        | Killed a kobold demonologist
   855 | D        | Noticed a demonic crawler
   855 | D        | Noticed a demonic crawler
   855 | D        | Noticed a demonic crawler
   855 | D        | Noticed a demonic crawler
   880 | D        | Slain by a demonic crawler

Vault maps used:
D:        dungeon_sprint_1

Action                   |  1- 3 |  4- 6 |  7- 9 || total
-------------------------+-------+-------+-------++-------
Melee: Dagger            |     1 |     7 |    42 ||    50
 Fire: Blowgun           |     6 |    10 |     2 ||    18
  Use: Potion            |       |       |     1 ||     1
 Stab: Sleeping          |     2 |     3 |     3 ||     8
